 Dungeon Crawl Stone Soup version 0.21-a0-91-ga5031da (webtiles) character file.

23 MackTheKnife the Slasher (level 3, 0/21 HPs)
             Began as a Gargoyle Gladiator on June 29, 2017.
             Slain by a hobgoblin
             ... wielding a +0 club
              (5 damage)
             ... on level 1 of the Dungeon.
             The game lasted 00:00:21 (293 turns).

MackTheKnife the Slasher (Gargoyle Gladiator)        Turns: 293, Time: 00:00:22

Health: 0/21       AC:  7    Str: 17    XL:     3   Next: 0%
Magic:  3/3        EV: 12    Int:  8    God:
Gold:   20         SH:  0    Dex: 12    Spells: 2/2 levels left

rFire    . . .     SeeInvis .   a - +0 long sword
rCold    . . .     Gourm    .   (no shield)
rNeg     + . .     Faith    .   b - +0 leather armour
rPois    ∞         Spirit   .   c - +0 helmet
rElec    +         Reflect  .   (no cloak)
rCorr    .         Harm     .   (no gloves)
MR       .....                  (no boots)
Stlth    +.........             (no amulet)
HPRegen  0.07/turn              (no ring)
MPRegen  0.08/turn              (no ring)

@: no status effects
A: negative energy resistance 1, electricity resistance, unbreathing,
petrification resistance, rot immunity, AC +3
a: no special abilities


You were on level 1 of the Dungeon.
You were not hungry.

You visited 1 branch of the dungeon, and saw 1 of its levels.

You collected 20 gold pieces.

Inventory:

Hand Weapons
 a - a +0 long sword (weapon)
Missiles
 d - 3 throwing nets {=f, !d}
Armour
 b - a +0 leather armour (worn)
 c - a +0 helmet (worn)
Scrolls
 g - 2 scrolls of identify {unknown}
 h - a scroll of enchant armour {unknown}
 i - a scroll of remove curse {unknown}
Potions
 e - a potion of agility {unknown}
Comestibles
 f - a bread ration {@e1}


   Skills:
 - Level 2.1 Fighting
 + Level 3.6 Long Blades
 - Level 1.7 Throwing
 - Level 2.4 Dodging


You had 2 spell levels left.
You didn't know any spells.

Dungeon Overview and Level Annotations

Branches:
Dungeon (1/15)

Altars:
Xom


Innate Abilities, Weirdness & Mutations

You are resistant to torment.
Your stone body is resilient. (AC +3)
You are immune to poison.
You resist negative energy. (rN+)
You are resistant to electric shocks. (rElec)
You can survive without breathing.
You are immune to petrification.
You are immune to rotting.


Message History

No target in view!
No target in view!
A leopard gecko comes into view.
The leopard gecko hisses angrily.
The ooze quivers.
The leopard gecko bites you but does no damage.
You see here a scroll labeled FULLOOSIYWK.
You miss the leopard gecko. The leopard gecko barely misses you.
The leopard gecko bites you but does no damage.
You miss the leopard gecko. The leopard gecko bites you.
You barely miss the leopard gecko. The leopard gecko barely misses you.
You riposte.
You miss the leopard gecko.
The leopard gecko bites you but does no damage.
The ooze completely misses you.
You hit the ooze but do no damage. The leopard gecko bites you.
The ooze hits you but does no damage. The leopard gecko closely misses you.
You riposte.
You closely miss the leopard gecko.
You take 2 damage, and have 10/12 hp.
You hit the ooze but do no damage. The ooze hits you.
The leopard gecko barely misses you.
You riposte.
You hit the leopard gecko.
You take 2 damage, and have 8/12 hp.
You hit the leopard gecko.
You kill the leopard gecko!
Your Long Blades skill increases to level 3!
The ooze barely misses you.
You riposte.
You slash the ooze!
You kill the ooze!
You have reached level 2!
You regained 3 hp, and now have 11/17 hp.
MP restored: 2 You start resting.
Health restored: 17
g - 2 scrolls labeled FULLOOSIYWK (gained 1)
A goblin comes into view.
The goblin shouts!
A goblin is nearby!
The goblin closely misses you.
You closely miss the goblin. The goblin barely misses you.
You riposte.
You slash the goblin!
You kill the goblin!
No target in view!
A hobgoblin comes into view. It is wielding a club.
The hobgoblin shouts!
A hobgoblin is nearby!
A hobgoblin is nearby!
The hobgoblin barely misses you.
You riposte.
You hit the hobgoblin but do no damage. You closely miss the hobgoblin.
The hobgoblin closely misses you.
You riposte.
You barely miss the hobgoblin. You hit the hobgoblin but do no damage.
The hobgoblin completely misses you.
You hit the hobgoblin. The hobgoblin closely misses you.
You riposte.
You barely miss the hobgoblin. You hit the hobgoblin.
You kill the hobgoblin!
A goblin comes into view. It is wielding a dagger.
A goblin is nearby!
The goblin shouts!
Things that are here:
a club; a hobgoblin corpse A goblin is nearby!
A goblin is nearby!
The goblin hits you but does no damage.
You closely miss the goblin. The goblin hits you but does no damage.
You hit the goblin. The goblin hits you but does no damage.
You closely miss the goblin. The goblin hits you with a dagger.
The goblin barely misses you.
You take 1 damage, and have 16/17 hp.
You hit the goblin.
You kill the goblin!
No target in view!
Things that are here:
a dagger; a goblin corpse
Found a shimmering altar of Xom.
No target in view!
A hobgoblin comes into view. It is wielding a club.
The hobgoblin moves out of view.
A gnoll comes into view.
The gnoll shouts!
Health restored: 17 You completely miss the gnoll.
The gnoll hits you but does no damage.
You slash the gnoll! The gnoll hits you.
You take 4 damage, and have 13/17 hp.
MASSIVE DAMAGE!!
You closely miss the gnoll. The gnoll hits you but does no damage.
The gnoll closely misses you.
You closely miss the gnoll. The gnoll hits you.
You take 4 damage, and have 9/17 hp.
MASSIVE DAMAGE!!
You barely miss the gnoll. The gnoll hits you.
* * * LOW HITPOINT WARNING * * *
You take 5 damage, and have 4/17 hp.
MASSIVE DAMAGE!!
You slash the gnoll!
You kill the gnoll!
You have reached level 3!
Your experience leads to an increase in your attributes!
Increase (S)trength, (I)ntelligence, or (D)exterity?
You feel agile.
MP restored: 3 You hit the hobgoblin.
The hobgoblin hits you with a club.
You die...

######## #......#
###......##############
#...^^^........@.......
#...^_^.......##g#####.
#....^^..####.# ...
#.............##.#...
#.....##.#.........(.#
#.....##.#.#..##.# ###
#..(#.##.#....# ..
#...#.##).....# ..
#...#.##.....##


You could see a hobgoblin.

Vanquished Creatures
  A gnoll (D:1)
  An ooze (D:1)
  A leopard gecko (D:1)
  3 goblins (D:1)
  A hobgoblin (D:1)
  A frilled lizard (D:1)
  A rat (D:1)
9 creatures vanquished.

Notes
Turn   | Place    | Note
-------+----------+-------------------------------------------
     0 | D:1      | MackTheKnife the Gargoyle Gladiator began the quest for the Orb.
     0 | D:1      | Reached XP level 1. HP: 12/12 MP: 1/1
   126 | D:1      | Reached skill level 3 in Long Blades
   126 | D:1      | Reached XP level 2. HP: 11/17 MP: 2/2
   268 | D:1      | Found a shimmering altar of Xom.
   291 | D:1      | HP: 4/17 [gnoll (6)]
   292 | D:1      | Reached XP level 3. HP: 4/21 MP: 3/3
   293 | D:1      | Slain by a hobgoblin

Vault maps used:
D:1:      minmay_arrival_widening_spiral_wide, xom_teletrap_fun

Skill      XL: |  1 |
---------------+----+-----
Long Blades    | 3 |  3.6
Fighting       | |  2.1
Throwing       | |  1.7
Dodging        | |  2.4

Action                   || total
-------------------------++-------
Melee: Long sword        ||    28
Armor: Leather armour    ||    10
Dodge: Dodged            ||    17
       Rpst.: Long sword ||     9

Vault maps used:
D:1:      minmay_arrival_widening_spiral_wide, xom_teletrap_fun

Table legend:
 A = Turns spent in this place as a percentage of turns spent in the entire game.
 B = Non-inter-level travel turns spent in this place as a percentage of non-inter-level travel turns spent in the entire game.
 C = Inter-level travel turns spent in this place as a percentage of turns spent in this place.
 D = Turns resting spent in this place as a percentage of non-inter-level travel turns spent in this place.
 E = Turns spent auto-exploring this place as a percentage of non-inter-level travel turns spent in this place.
 F = Non-inter-level travel turns spent in this place divided by the number of levels of this place that you've seen.
                   A       B       C       D       E      F
               +-------+-------+-------+-------+-------+----------------------
         Total | 100.0 | 100.0 |   0.0 |   2.2 |  16.7 |  90.0
       Dungeon | 100.0 | 100.0 |   0.0 |   2.2 |  16.7 |  90.0
               +-------+-------+-------+-------+-------+----------------------

Table legend:
 A = Kills in this place as a percentage of kills in entire the game.
 B = Kills by you in this place as a percentage of kills by you in the entire game.
 C = Kills by friends in this place as a percentage of kills by friends in the entire game.
 D = Other kills in this place as a percentage of other kills in the entire game.
 E = Experience gained in this place as a percentage of experience gained in the entire game.
 F = Experience gained in this place divided by the number of levels of this place that you have seen.
                   A       B       C       D       E      F
               +-------+-------+-------+-------+-------+----------------------
         Total | 100.0 | 100.0 |  -nan |  -nan | 100.0 |  34.0
       Dungeon | 100.0 | 100.0 |  -nan |  -nan | 100.0 |  34.0
               +-------+-------+-------+-------+-------+----------------------
